cohdb
Replays
Latest Replays
All Replays
Popular Replays
Top Player Replays
Match Explorer
How It Works
Community
CoH3 Stats
Reddit
Sign in to upload your games and track your stats! →
Sign in with Steam
Match 41204204
Unlisted
Match 41204204
Overview
Messages
Build Orders
End
Kradschützen Motorcycle Team
Panzerpioneer Squad
250 Light Carrier
Panzergrenadier Squad
Construct Light Support Kompanie
Fire Support Elements
Assault Grenadier Squad
Flakvierling Half-track
Combat Half-tracks
Vehicle Survival Package
Panzerjäger Mechanized Group
Selects Panzerjäger Kommand Battlegroup
Selects Tank Busters
Selects Mine Fields
2.5-tonne Medical Truck
Selects Tank Busters
Selects Crew Shock Tactics
Construct Mechanized Kompanie
Marder III Tank Destroyer
Selects Mine Fields
Selects Defensive Positions
Panzergrenadier Squad
254 Reconnaissance Tractor
StuG III D Assault Gun
Phenomensky
[HAN]Diederick Kastner
I.S.M.A.I.L
Mustache and Melons
Геть з України москаль некрасіви
$Zwaridel$
icucumber75
lojkin
0
0
Comments
sign in to comment!
No comments posted yet!